 Dungeon Crawl Stone Soup version 0.30-a0-279-g4b46babb21 (webtiles) character file.

Game seed: 8708149949374738652

1214 hikkokomori the Chopper (level 8, -11/51 HPs)
             Began as a Tengu Berserker on Oct 16, 2022.
             Was a Priest of Trog.
             Mangled by an ice beast (14 damage)
             ... on level 6 of the Dungeon.
             The game lasted 00:08:03 (4364 turns).

hikkokomori the Chopper (Tengu Berserker)           Turns: 4364, Time: 00:08:05

Health: -11/51     AC:  3    Str: 17    XL:     8   Next: 46%
Magic:  9/9        EV: 17    Int:  8    God:    Trog [***...]
Gold:   358        SH:  0    Dex: 16    Spells: 7/7 levels left

rFire   . . .      SeeInvis .    a - +1 hand axe (freeze)
rCold   . . .      Faith    .    (no shield)
rNeg    . . .      Spirit   .    b - +0 animal skin
rPois   +          Reflect  .    (helmet restricted)
rElec   .          Harm     .    o - scarf {repulsion}
rCorr   .          Rampage  .    c - +0 pair of gloves
Will    .....                    (boots unavailable)
Stlth   +.........               v - amulet of regeneration
HPRegen 1.08/turn                s - ring of poison resistance
MPRegen 0.11/turn                (no ring)

@: flying quickly and evasively, repel missiles, quick
A: beak, talons 3, nimble flight
a: Renounce Religion, Berserk, Trog's Hand


You were on level 6 of the Dungeon.
You worshipped Trog.
Trog was most pleased with you.
You visited 2 branches of the dungeon, and saw 7 of its levels.

You collected 358 gold pieces.

Inventory:

Hand Weapons
 a - a +1 hand axe of freezing (weapon)
 u - a +0 vorpal longbow
 z - a +3 flail of protection
Missiles
 B - 2 silver javelins
Armour
 b - a +0 animal skin (worn)
 c - a +0 pair of gloves (worn)
 k - a +0 tower shield
 n - a +0 chain mail
 o - a scarf of repulsion (worn)
 t - an orb of wrath
Jewellery
 s - a ring of poison resistance (left hand)
 v - an amulet of regeneration (around neck)
 w - a ring of protection from fire
Wands
 p - a wand of acid (12)
 y - a wand of digging (6)
Scrolls
 g - 2 scrolls of enchant weapon
 j - a scroll of noise
 A - a scroll of teleportation
Potions
 d - 2 potions of curing
 e - a potion of haste {unknown}
 f - 2 potions of attraction
 h - a potion of degeneration {unknown}
 i - 2 potions of heal wounds {unknown}
 l - 3 potions of mutation
 m - a potion of brilliance {unknown}
 q - 2 potions of ambrosia {unknown}
 r - a potion of might {unknown}
 x - a potion of berserk rage {unknown}


   Skills:
 + Level 5.7 Fighting
 + Level 6.2 Axes
 + Level 5.8 Armour
 + Level 5.8 Dodging


You had 7 spell levels left.
You didn't know any spells.
Your spell library contained the following spells:

 Spells                   Type           Power      Damage    Failure   Level
 Beastly Appendage        Tmut           0%         N/A       41%         1
 Wereblood                Tmut           0%         N/A       54%         2
 Gell's Gravitas          Tloc           0%         N/A       78%         3
 Spider Form              Tmut/Pois      0%         N/A       78%         3
 Teleport Other           Tloc           0%         N/A       78%         3
 Dispersal                Tloc           0%         N/A       100%        6


Dungeon Overview and Level Annotations

Branches:
Dungeon (6/15)             Temple (1/1) D:5

Altars:
Ashenzari
Cheibriados
Dithmenos
Elyvilon
Fedhas
Hepliaklqana
Kikubaaqudgha
Makhleb
Okawaru
Qazlal
Ru
Sif Muna
Trog
Uskayaw
Vehumet
Wu Jian
Xom
Yredelemnul
Zin
The Shining One

Shops:
D:1 [


Innate Abilities, Weirdness & Mutations

You have a beak for a mouth.
You have claws for feet.
Your magical nature lets you fly swiftly and evasively.


Message History

You claw the necrophage, but do no damage.
You peck the necrophage.
The necrophage is heavily damaged.
The necrophage barely misses you.
You hit the necrophage. You claw the necrophage.
The necrophage is almost destroyed.
The necrophage hits you.
You feel drained.
You slash the necrophage!
You destroy the necrophage!
Trog accepts your kill.
Your life force feels restored.
You fly downwards.
You hear the sound of rushing water.
There is an entrance to a sewer on this level.
Hurry and find it before the portal rusts away!
The ice beast hits you but does no damage.
There is a stone staircase leading up here.
You closely miss the ice beast. Your kick misses the ice beast.
The ice beast hits you. The ice beast freezes you!
You hit the ice beast but do no damage. The ice beast hits you.
The ice beast freezes you!
You hit the ice beast.
The ice beast is lightly wounded.
The ice beast hits you. The ice beast freezes you.
* * * LOW HITPOINT WARNING * * *
You hit the ice beast. You peck the ice beast.
The ice beast is lightly wounded.
The ice beast closely misses you.
You hit the ice beast. Your kick misses the ice beast.
The ice beast is moderately wounded.
The ice beast hits you.
* * * LOW HITPOINT WARNING * * *
The ice beast freezes you!
* * * LOW HITPOINT WARNING * * *
You hit the ice beast but do no damage.
You claw the ice beast, but do no damage.
The ice beast is moderately wounded.
The ice beast hits you.
* * * LOW HITPOINT WARNING * * *
The ice beast freezes you!
You die...

# #.
#.#####
#.....# #
#.....♣#.#
#........#
♣.@Y...#
#........#
##....♣#$#
##.... ..
###..# #
.#. ....
...##


You could see an ice beast.

Vanquished Creatures
  Grinder (D:4)
  Sigmund (D:4)
  Edmund (D:5)
  A water moccasin (D:4)
  A centaur (D:5)
  A scorpion (D:4)
  A necrophage (D:5)
  A howler monkey (D:5)
  2 orc priests (D:5)
  3 iguanas
  2 orc wizards (D:5)
  4 gnolls (D:5)
  8 adders
  3 dart slugs
  8 orcs
  7 bats
  9 endoplasms
  5 giant cockroaches (D:1)
  5 goblins
  5 hobgoblins
  3 jackals (D:1)
  5 quokkas
  4 ball pythons
  6 frilled lizards
  9 kobolds
  4 rats
100 creatures vanquished.

Notes
Turn   | Place    | Note
-------+----------+-------------------------------------------
     0 | D:1      | hikkokomori the Tengu Berserker began the quest for the
                  | Orb.
     0 | D:1      | Reached XP level 1. HP: 14/14 MP: 2/2
    55 | D:1      | Reached XP level 2. HP: 11/19 MP: 3/3
   213 | D:1      | Reached ** piety under Trog
   266 | D:1      | Reached XP level 3. HP: 23/23 MP: 4/4
   475 | D:1      | Found a faded altar of an unknown god.
   570 | D:1      | Found Xetapt's Armour Shop.
   871 | D:2      | Reached XP level 4. HP: 28/28 MP: 5/5
  1431 | D:3      | Reached *** piety under Trog
  1432 | D:3      | Reached skill level 4 in Axes
  2006 | D:4      | Noticed a scorpion
  2271 | D:4      | Gained mutation: Your magical nature lets you fly swiftly
                  | and evasively. [Tengu growth]
  2271 | D:4      | Reached XP level 5. HP: 29/33 MP: 6/6
  2295 | D:4      | Noticed Sigmund
  2300 | D:4      | Killed Sigmund
  2301 | D:4      | Reached XP level 6. HP: 38/38 MP: 7/7
  2368 | D:4      | Noticed a water moccasin
  2376 | D:4      | Killed a water moccasin
  2517 | D:4      | Reached skill level 5 in Axes
  2517 | D:4      | Reached XP level 7. HP: 42/44 MP: 8/8
  2749 | D:4      | Noticed Grinder
  2764 | D:4      | Killed Grinder
  2765 | D:4      | Reached skill level 5 in Fighting
  2930 | D:5      | Entered Level 5 of the Dungeon
  2977 | D:5      | Reached skill level 5 in Armour
  2987 | D:5      | Reached skill level 5 in Dodging
  3127 | D:5      | Reached XP level 8. HP: 32/49 MP: 9/9
  3190 | D:5      | Noticed Edmund
  3210 | D:5      | Killed Edmund
  3504 | D:5      | Reached skill level 6 in Axes
  3611 | D:5      | Found a staircase to the Ecumenical Temple.
  4120 | Temple   | Entered the Ecumenical Temple
  4364 | D:6      | Mangled by an ice beast

Illustrated notes

Levels and vault maps discovered:
D:1:      dpeg_arrival_prison, layout_rooms, serial_shops,
          nicolae_shop_behind_doors,
          hellmonk_ecumenical_altar_pennies_from_heaven
D:2:      layout_rooms
D:3:      layout_rooms
D:4:      layout_basic, uniq_sigmund, uniq_grinder
D:5:      layout_layer_cave, minmay_temple_entry_mini_moons, uniq_edmund
D:6:      layout_loops_ring, portal_sewer_entry_a, gammafunk_ghost_arena,
          grunt_ministairs_1, minivault_5, hangedman_abyss_or_decor_stabs,
          serial_park_tiny_pond
Temple:   nicolae_temple_slightly_damp_pantheon

Skill      XL: |  1  2  3  4  5  6  7  8 |
---------------+-------------------------+-----
Armour         | 3 4 5 |  5.8
Dodging        | 3 4 5 |  5.8
Axes           | 4 5 6 |  6.2
Fighting       | 4 5 |  5.7

Action                   |  1- 3 |  4- 6 |  7- 9 || total
-------------------------+-------+-------+-------++-------
Melee: Hand axe          |    84 |    70 |   106 ||   260
       Kick              |    18 |    13 |    34 ||    65
       Peck              |    14 |    10 |    16 ||    40
       Punch             |     1 |     1 |     1 ||     3
 Fire: Longbow           |       |     2 |     8 ||    10
Evoke: Wand              |       |     1 |       ||     1
  Use: Scroll            |       |     8 |     1 ||     9
       Potion            |       |       |     1 ||     1
 Stab: Sleeping          |     2 |     3 |     1 ||     6
Armor: Animal skin       |    17 |    12 |     7 ||    36
Dodge: Dodged            |    58 |    40 |    73 ||   171
       Repelled          |       |       |     1 ||     1

Table legend: (Time is in decaauts)
 A = Elapsed time spent in this place.
 B = Non-inter-level travel time spent in this place.
 C = Inter-level travel time spent in this place.
 D = Time resting spent in this place.
 E = Time spent auto-exploring this place.
 F = Levels seen in this place.
 G = Mean time per level.
                   A        B        C        D        E       F      G
               +--------+--------+--------+--------+--------+-----+--------+
         Total |   4214 |   3961 |    253 |     96 |   3116 |   7 |  602.0 |
       Dungeon |   4048 |   3812 |    236 |     96 |   2986 |   6 |  674.7 |
        Temple |    165 |    148 |     17 |      0 |    129 |   1 |  165.0 |
               +--------+--------+--------+--------+--------+-----+--------+

Top non-repeatable levels by time:
     D:5: 1136 daAuts
     D:3: 799 daAuts
     D:4: 768 daAuts
     D:1: 763 daAuts
     D:2: 570 daAuts
  Temple: 165 daAuts
     D:6: 9 daAuts
